 Dungeon Sprint DCSS version 0.30-a0-913-g9934a0ce24 (webtiles) character file.

Game seed: 6058174944522969338

48337979 BigDaddyOpFi the End of an Era (level 22, 209/209 HPs)
             Began as a Hill Orc Fighter on Mar 17, 2023.
             Was the Champion of Qazlal.
             Escaped with the Orb
             ... and 12 runes on Mar 19, 2023!
             The game lasted 00:27:58 (18970 turns).

BigDaddyOpFi the End of an Era (Hill Orc Fighter)  Turns: 18970, Time: 00:27:59

Health: 209/209    AC: 36    Str: 30    XL:     22   Next: 40%
Magic:  53/53      EV: 20    Int:  6    God:    Qazlal [******]
Gold:   2079       SH: 40    Dex: 16    Spells: 75/75 levels left

rFire   + + .      SeeInvis +    A - +9 broad axe (heavy)
rCold   + . .      Faith    .    J - +2 tower shield
rNeg    . . .      Spirit   .    E - +0 gold dragon scales
rPois   +          Reflect  +    s - +0 hat
rElec   +          Rampage  .    t - +2 cloak
rCorr   +          NoTele   +    a - +0 pair of gloves
Will    +....                    m - +1 pair of boots
Stlth   +                        S - amulet of the Scarab {Reflect +Blink Regen+ rCorr SH+5 SInv}
HPRegen 1.34/turn                B - +2 ring of slaying
MPRegen 0.33/turn                R - ring of Jisk {rElec rCorr Dex+6}

@: repel missiles
A: antennae 1, deterioration 1, dopey 1, fire resistance 1, frail 1, inability
to drink after injury 1, inability to read after injury 2
0: Orb of Zot
}: 12/17 runes: decaying, serpentine, barnacled, slimy, elven, silver, golden,
obsidian, abyssal, magical, fiery, gossamer
a: Renounce Religion, Evoke Blink, Upheaval, Elemental Force, Disaster Area


You escaped.
You worshipped Qazlal.
Qazlal was exalted by your worship.
You visited 1 branch You collected 2611 gold pieces.
You spent 532 gold pieces at shops.

Inventory:

Hand Weapons
 A - a +9 heavy broad axe (weapon)
Armour
 a - a +0 pair of gloves (worn)
 c - +0 gold dragon scales
 m - a +1 pair of boots (worn)
 s - a +0 hat (worn)
 t - a +2 cloak (worn)
 E - +0 gold dragon scales (worn)
 J - a +2 tower shield (worn)
Jewellery
 o - a +3 ring of dexterity
 p - a +3 ring of strength
 u - an amulet of regeneration
 w - a ring of fire
 x - a ring of ice
 y - a ring of see invisible
 z - a ring of protection from cold
 B - a +2 ring of slaying (left hand)
 C - a ring of ice
 N - a ring of flight
 O - a +6 ring of dexterity
 P - the ring "Anuagudo" {Ice rElec Int+2}
   (You found it in the Dungeon)

   [ring of ice]

   It enhances your ice magic.
   Int:       It affects your intelligence (+2).
   rF:        It makes you vulnerable to fire.
   rC:        It protects you from cold.
   rElec:     It insulates you from electricity.
 Q - the ring "Guosyt" {Fire Dex+2}
   (You found it in the Dungeon)

   [ring of fire]

   It enhances your fire magic.
   Dex:       It affects your dexterity (+2).
   rF:        It protects you from fire.
   rC:        It makes you vulnerable to cold.
 R - the ring of Jisk (right hand) {rElec rCorr Dex+6}
   (You found it in the Dungeon)

   [ring of dexterity]

   Dex:       It affects your dexterity (+6).
   rElec:     It insulates you from electricity.
   rCorr:     It protects you from acid and corrosion.
 S - the amulet of the Scarab (around neck) {Reflect +Blink Regen+ rCorr SH+5 SInv}
   (You found it in the Dungeon)

   [amulet of reflection]

   It reflects blocked missile attacks.
   SInv:      It lets you see invisible.
   +Blink:    It lets you blink.
   Regen:     It increases your rate of health regeneration.
   rCorr:     It protects you from acid and corrosion.
   SH:        It affects your SH (+5).
 T - the ring "Fiddipt" {rPois rN+ rCorr}
   (You found it in the Dungeon)

   [ring of resist corrosion]

   rPois:     It protects you from poison.
   rN:        It protects you from negative energy.
   rCorr:     It protects you from acid and corrosion.
Scrolls
 b - a scroll of silence
 j - 2 scrolls of blinking
 k - 2 scrolls of amnesia
 q - 5 scrolls of identify
 r - 5 scrolls of fog
 H - 2 scrolls of fear
Potions
 d - 8 potions of might
 e - 10 potions of curing
 f - a potion of invisibility
 g - 5 potions of haste
 h - 8 potions of magic
 l - a potion of lignification
 n - 4 potions of resistance
 F - 3 potions of heal wounds
 G - a potion of berserk rage
 K - 2 potions of degeneration {unknown}
 M - a potion of flight {unknown}
Miscellaneous
 i - the horn of Geryon


   Skills:
 O Level 27 Fighting
 O Level 27 Axes
 O Level 27 Maces & Flails
 * Level 17.9(22.8) Polearms
 O Level 27 Armour
 O Level 27 Dodging
 O Level 27 Stealth
 O Level 27 Shields
 O Level 27 Spellcasting
 O Level 27 Invocations
 O Level 27 Evocations


You had 75 spell levels left.
You didn't know any spells.
Your spell library contained the following spells:

 Spells                   Type           Power      Damage    Failure   Level
 Frozen Ramparts          Ice            16%        1d3       43%         3
 Ice Form                 Ice/Tmut       8%         N/A       85%         4
 Summon Ice Beast         Ice/Summ       8%         N/A       85%         4


Dungeon Overview and Level Annotations

Branches:
Dungeon (1/1)

Altars:
Cheibriados
Dithmenos
Elyvilon
Fedhas
Gozag
Hepliaklqana
Kikubaaqudgha
Makhleb
Nemelex Xobeh
Okawaru
Qazlal
Ru
Sif Muna
Trog
Uskayaw
Vehumet
Wu Jian
Xom
Yredelemnul
Zin
The Shining One
Beogh
Lugonu

Shops:
D *(!?

Annotations:
D Antaeus, Asmodeus, Cerebov, Ereshkigal, Gloorx Vloq, Lom Lobon, Mnoleg


Innate Abilities, Weirdness & Mutations

You have a pair of small antennae on your head.
Your body sometimes deteriorates upon taking damage.
You are dopey. (Int -2)
Your flesh is heat resistant. (rF+)
You are frail. (-10% HP)
You occasionally lose the ability to drink potions when taking damage.
You sometimes lose the ability to read scrolls when taking damage.


Message History

You slice the hell hound like a ripe choko!!!!
You kill the hell hound!
Qazlal accepts your kill. You block the hell hound's attack. x2
There is an open door to the Dungeon, spattered with blood here.
You see here a hell hound corpse.
You carve the hell hound like a ham!!!
You kill the hell hound!
Qazlal accepts your kill.
There is an open door to the Dungeon, spattered with blood here.
You see here a hell hound corpse.
You close the door, pushing everything out of the way.
You see here a hell hound corpse.
Your protection from fire is fading.
You see here a +1 heavy scythe.
You start waiting.
You feel less protected from fire.
There is a staircase leading out of the dungeon here.
You start waiting.
You sense a monster nearby.
You start waiting.
You start waiting.
You start waiting.
You sense a monster nearby.
You start waiting.
You sense a monster nearby.
You start waiting.
You sense a monster nearby.
You start waiting.
You sense a monster nearby.
You start waiting.
You start waiting.
You start waiting.
You start waiting.
You start waiting.
You start waiting.
You sense a monster nearby.
You start waiting.
Done waiting.
You have escaped!

▓.▓.▓.▓.▓.▓.▓.▓.▓.
▓.▓.▓+▓.▓.▓.▓.▓.▓.
▓.▓.▓.▓.▓.▓.▓.▓.▓.
▓.▓.▓.▓.▓.▓.▓.▓.▓.
▓+▓.▓.▓.▓.▓.▓.▓.▓.
▓.▓.▓.▓.▓.▓.▓.▓.▓.
▓.▓.▓.▓.▓.▓.▓.▓.▓.
▓)▓.▓.▓.▓.▓.▓.▓.▓.
▓@▓...▓...▓...▓...
▓▓▓▓▓▓▓▓▓▓▓▓▓▓▓▓▓▓


There were no monsters in sight!

Vanquished Creatures
  the Royal Jelly (D)
  2 seraphim (D)
  4 ancient liches (D)
  Mara (D)
  4 orbs of fire (D)
  6 royal mummies (D)
  2 Killer Klowns (D)
  Margery (D)
  Xtahua (D)
  Frederick (D)
  Saint Roka (D)
  Geryon (D)
  6 golden dragons (D)
  Nikola (D)
  2 bone dragons (D)
  2 hellephants (D)
  5 Tzitzimimeh (D)
  2 electric golems (D)
  A Brimstone Fiend (D)
  A Hell Sentinel (D)
  3 tentacled monstrosities (D)
  7 liches (D)
  2 Ice Fiends (D)
  A quicksilver dragon (D)
  3 deep elf blademasters (D)
  A walking divine tome (D)
  9 pandemonium lords (D)
  34 Orb Guardians (D)
  A deep elf master archer (D)
  6 acid blobs (D)
  Frances (D)
  An Executioner (D)
  Gastronok (D)
  7 shadow dragons (D)
  2 death cobs (D)
  12 sphinxes (D)
  4 tengu reavers (D)
  A fire giant (D)
  5 nagarajas (D)
  3 storm dragons (D)
  Ilsuiw (D)
  7 azure jellies (D)
  A fenstrider witch (D)
  2 draconian monks (D)
  A draconian knight (D)
  5 rockslimes (D)
  3 deep elf sorcerers (D)
  2 balrugs (D)
  A frost giant (D)
  3 cacodemons (D)
  A ghost moth (D)
  An emperor scorpion (D)
  3 draconian shifters (D)
  5 vault wardens (D)
  6 angels (D)
  2 draconian scorchers (D)
  4 draconian stormcallers (D)
  A spriggan defender (D)
  6 stone giants (D)
  4 ironbound preservers (D)
  3 reapers (D)
  2 draconian annihilators (D)
  4 very ugly things (D)
  4 quicksilver oozes (D)
  A demonspawn blood saint (D)
  A broodmother (D)
  9 vampire knights (D)
  2 ironbound thunderhulks (D)
  A dire elephant (D)
  A black draconian (D)
  3 deep elf demonologists (D)
  4 green draconians (D)
  4 purple draconians (D)
  2 deep elf annihilators (D)
  4 white draconians (D)
  2 red draconians (D)
  A bunyip (D)
  2 deep elf death magi (D)
  3 yellow draconians (D)
  3 ettins (D)
  4 mummy priests (D)
  A green death (D)
  2 great orbs of eyes (D)
  A blizzard demon (D)
  5 merfolk javelineers (D)
  An entropy weaver (shapeshifter) (D)
  Josephine (D)
  2 fire dragons (D)
  3 yaktaur captains (D)
  A peacekeeper (D)
  4 hell beasts (D)
  7 hydras (D)
  25 vault guards (D)
  A centaur warrior (D)
  7 ice dragons (D)
  An ironbound frostheart (D)
  An anaconda (D)
  3 ogre magi (D)
  A merfolk avatar (D)
  7 merfolk aquamancers (D)
  A satyr (D)
  A ghost crab (D)
  10 two-headed ogres (D)
  A deep troll shaman (D)
  3 hell hogs (D)
  3 naga warriors (D)
  A death yak (D)
  An alligator (D)
  2 orc high priests (D)
  Urug (D)
  2 naga sharpshooters (D)
  2 deep troll earth magi (D)
  3 tengu warriors (D)
  A vampire mage (D)
  5 sun demons (D)
  A thrashing horror (D)
  Nergalle (D)
  2 hell knights (D)
  A soul eater (D)
  A shock serpent (D)
  3 pharaoh ants (D)
  3 sixfirhies (D)
  2 skeletal warriors (D)
  2 sea snakes (D)
  6 swamp dragons (D)
  2 glowing orange brains (D)
  3 flayed ghosts (D)
  2 swamp dragons (shapeshifter) (D)
  An orb spider (D)
  A wizard (D)
  2 shadow demons (D)
  2 spriggan druids (D)
  2 ironbound convokers (D)
  3 necromancers (D)
  A deep elf pyromancer (D)
  5 orc knights (D)
  A mana viper (D)
  A manticore (D)
  An orc sorcerer (D)
  2 wolf spiders (D)
  A cyclops (D)
  14 moths of wrath (D)
  A will-o-the-wisp (D)
  2 merfolk sirens (D)
  3 guardian serpents (D)
  A black mamba (D)
  5 vault sentinels (D)
  4 demonic crawlers (D)
  4 rust devils (D)
  A gargoyle (D)
  2 smoke demons (D)
  2 naga magi (D)
  5 orange demons (D)
  5 cane toads (D)
  Psyche (D)
  2 komodo dragons (D)
  18 guardian mummies (D)
  An efreet (D)
  3 tormentors (D)
  2 ice devils (D)
  3 red devils (D)
  3 trolls (D)
  2 hellwings (D)
  A wind drake (D)
  2 merfolk (D)
  A tyrant leech (D)
  A wandering mushroom (D)
  2 tarantellas (D)
  2 blink frogs (D)
  A hornet (shapeshifter) (D)
  A jumping spider (D)
  A small abomination (D)
  11 spriggans (D)
  A shadow (D)
  2 slime creatures (D)
  3 large abominations (D)
  A ynoxinul (D)
  4 wraiths (D)
  6 golden eyes (D)
  4 vampire mosquitoes (D)
  A yak (D)
  3 basilisks (D)
  3 chaos spawn (D)
  2 redbacks (D)
  3 nagas (D)
  5 water moccasins (D)
  8 hell hounds (D)
  6 floating eyes (D)
  7 orc warriors (D)
  A swamp drake (D)
  A wolf (D)
  An ogre (D)
  A phantom (D)
  3 bullfrogs (D)
  2 killer bees (D)
  A howler monkey (D)
  A quasit (D)
  3 orc priests (D)
  An iron imp (D)
  A jelly (D)
  A hound (D)
  An iguana (D)
  7 orc wizards (D)
  2 dart slugs (D)
  9 orcs (D)
  A bat (D)
  A bat skeleton (D)
  A quokka (D)
  A ball python (D)
637 creatures vanquished.

Notes
Turn   | Place    | Note
-------+----------+-------------------------------------------
     0 | D        | BigDaddyOpFi the Hill Orc Fighter began the quest for the
                  | Orb.
     0 | D        | Reached XP level 1. HP: 19/19 MP: 1/1
    22 | D        | Reached XP level 2. HP: 28/28 MP: 2/2
    27 | D        | Noticed a phantom
    40 | D        | Reached skill level 5 in Fighting
    40 | D        | Reached skill level 5 in Axes
    40 | D        | Reached XP level 3. HP: 11/36 MP: 3/3
    41 | D        | Reached skill level 5 in Armour
    41 | D        | Reached skill level 5 in Shields
    41 | D        | Reached XP level 4. HP: 14/44 MP: 4/4
    44 | D        | Killed a phantom
    45 | D        | Reached XP level 5. HP: 16/52 MP: 5/5
   237 | D        | Found a roughly hewn altar of Beogh.
   237 | D        | Found a snail-covered altar of Cheibriados.
   237 | D        | Found a shadowy altar of Dithmenos.
   237 | D        | Found a white marble altar of Elyvilon.
   237 | D        | Found a blossoming altar of Fedhas.
   237 | D        | Found an opulent altar of Gozag.
   238 | D        | Found a hazy altar of Hepliaklqana.
   239 | D        | Found a viscous altar of Jiyva.
   240 | D        | Found an ancient bone altar of Kikubaaqudgha.
   241 | D        | Found a corrupted altar of Lugonu.
   242 | D        | Found a burning altar of Makhleb.
   243 | D        | Found a sparkling altar of Nemelex Xobeh.
   244 | D        | Found an iron altar of Okawaru.
   245 | D        | Found a stormy altar of Qazlal.
   246 | D        | Found a sacrificial altar of Ru.
   247 | D        | Found a shimmering blue altar of Sif Muna.
   248 | D        | Found a bloodstained altar of Trog.
   249 | D        | Found a hide-covered altar of Uskayaw.
   250 | D        | Found a radiant altar of Vehumet.
   251 | D        | Found an ornate altar of the Wu Jian Council.
   252 | D        | Found a shimmering altar of Xom.
   253 | D        | Became a worshipper of Qazlal Stormbringer
   254 | D        | Found a basalt altar of Yredelemnul.
   255 | D        | Found a glowing silver altar of Zin.
   256 | D        | Found a glowing golden altar of the Shining One.
   303 | D        | Noticed a troll
   303 | D        | Noticed a shadow
   303 | D        | Noticed a yak
   308 | D        | Killed a yak
   309 | D        | Reached XP level 6. HP: 62/62 MP: 6/6
   311 | D        | Killed a shadow
   311 | D        | Reached * piety under Qazlal
   312 | D        | Reached skill level 10 in Axes
   312 | D        | Reached XP level 7. HP: 68/71 MP: 7/7
   315 | D        | Killed a troll
   315 | D        | Reached ** piety under Qazlal
   316 | D        | Reached skill level 10 in Fighting
   425 | D        | Noticed a gargoyle
   425 | D        | Noticed a slime creature
   425 | D        | Noticed a manticore
   425 | D        | Noticed a troll
   425 | D        | Noticed a troll
   434 | D        | Killed a troll
   435 | D        | Reached skill level 10 in Armour
   435 | D        | Reached skill level 10 in Shields
   435 | D        | Reached XP level 8. HP: 40/82 MP: 7/10
   438 | D        | Killed a troll
   439 | D        | Reached skill level 5 in Invocations
   442 | D        | Killed a manticore
   442 | D        | Reached *** piety under Qazlal
   443 | D        | Reached XP level 9. HP: 58/90 MP: 8/14
   448 | D        | Killed a gargoyle
   640 | D        | Noticed Josephine
   654 | D        | Killed Josephine
   654 | D        | Reached **** piety under Qazlal
   666 | D        | Reached XP level 10. HP: 92/101 MP: 18/18
   913 | D        | Noticed a death yak
   913 | D        | Noticed a cane toad
   918 | D        | Killed a cane toad
   928 | D        | Killed a death yak
   928 | D        | Reached ***** piety under Qazlal
  1169 | D        | Noticed a cane toad
  1174 | D        | Noticed a cane toad
  1177 | D        | Reached ****** piety under Qazlal
  1183 | D        | Killed a cane toad
  1188 | D        | Reached skill level 15 in Axes
  1198 | D        | Killed a cane toad
  1204 | D        | Reached skill level 15 in Invocations
  1228 | D        | Noticed a cane toad
  1230 | D        | Reached XP level 11. HP: 106/111 MP: 22/22
  1476 | D        | Noticed Psyche
  1483 | D        | Killed Psyche
  1600 | D        | Noticed an orc knight
  1600 | D        | Noticed an orc knight
  1600 | D        | Noticed an orc knight
  1602 | D        | Noticed an orc high priest
  1609 | D        | Killed an orc knight
  1610 | D        | Reached skill level 15 in Fighting
  1614 | D        | Killed an orc knight
  1616 | D        | Killed an orc knight
  1619 | D        | Noticed an orc knight
  1620 | D        | Noticed an orc high priest
  1621 | D        | Killed an orc high priest
  1621 | D        | Killed an orc knight
  1621 | D        | Killed an orc high priest
  1879 | D        | Found Pominey's Magic Scroll Boutique.
  1879 | D        | Noticed a two-headed ogre
  1879 | D        | Noticed a two-headed ogre
  1879 | D        | Noticed a two-headed ogre
  1879 | D        | Noticed an ogre mage
  1879 | D        | Noticed a two-headed ogre
  1880 | D        | Killed a two-headed ogre
  1880 | D        | Killed a two-headed ogre
  1880 | D        | Killed a two-headed ogre
  1881 | D        | Reached XP level 12. HP: 122/122 MP: 16/25
  1883 | D        | Noticed a two-headed ogre
  1886 | D        | Killed an ogre mage
  1886 | D        | Noticed a two-headed ogre
  1887 | D        | Noticed a two-headed ogre
  1889 | D        | Found Curhext's Distillery.
  1890 | D        | Killed a two-headed ogre
  1890 | D        | Killed a two-headed ogre
  1890 | D        | Killed a two-headed ogre
  1891 | D        | Reached skill level 15 in Armour
  1891 | D        | Reached skill level 15 in Shields
  1892 | D        | Killed a two-headed ogre
  1894 | D        | Found Beyduam's Weapon Boutique.
  1897 | D        | Found Muzuib's Assorted Antiques.
  1898 | D        | Noticed a two-headed ogre
  1899 | D        | Noticed a two-headed ogre
  1900 | D        | Noticed an ogre mage
  1900 | D        | Noticed a two-headed ogre
  1901 | D        | Killed a two-headed ogre
  1901 | D        | Killed an ogre mage
  1901 | D        | Killed a two-headed ogre
  1901 | D        | Killed a two-headed ogre
  2244 | D        | Bought a spiked chain mail for 247 gold pieces
  2244 | D        | Identified the +1 chain mail "Nerecy" {Str+6} (You bought
                  | it in a shop in the Dungeon)
  2279 | D        | Bought a scroll of enchant weapon for 75 gold pieces
  2286 | D        | Bought a potion of heal wounds for 50 gold pieces
  2286 | D        | Bought a potion of heal wounds for 50 gold pieces
  2286 | D        | Bought a potion of might for 40 gold pieces
  2286 | D        | Bought a potion of might for 40 gold pieces
  2286 | D        | Bought a potion of curing for 30 gold pieces
  2335 | D        | Noticed Gastronok
  2346 | D        | Killed Gastronok
  2362 | D        | Noticed Urug
  2370 | D        | Killed Urug
  2441 | D        | Got the +1 ring mail "Ured" {rElec rN+ rCorr Int-4}
  2485 | D        | Noticed a centaur warrior
  2489 | D        | Killed a centaur warrior
  2492 | D        | Noticed a red very ugly thing
  2494 | D        | Noticed a brown very ugly thing
  2495 | D        | a komodo dragon changed into an entropy weaver
  2495 | D        | Noticed an entropy weaver (shapeshifter)
  2497 | D        | Killed an entropy weaver
  2497 | D        | Killed a brown very ugly thing
  2498 | D        | Reached XP level 13. HP: 104/134 MP: 18/27
  2503 | D        | Killed a red very ugly thing
  2506 | D        | Noticed a frost giant
  2541 | D        | Killed a frost giant
  2546 | D        | Noticed a lich
  2566 | D        | Killed a lich
  2861 | D        | Noticed Saint Roka
  2880 | D        | Killed Saint Roka
  3198 | D        | Noticed a merfolk javelineer
  3202 | D        | Killed a merfolk javelineer
  3252 | D        | Reached XP level 14. HP: 130/146 MP: 21/30
  3429 | D        | Noticed a broodmother
  3439 | D        | Killed a broodmother
  3529 | D        | Noticed a fenstrider witch
  3530 | D        | Killed a fenstrider witch
  3754 | D        | Noticed Frances
  3762 | D        | Killed Frances
  3957 | D        | Noticed a stone giant
  3957 | D        | Noticed a stone giant
  3957 | D        | Noticed a fire giant
  3958 | D        | Noticed a shadow dragon
  3959 | D        | Killed a stone giant
  3959 | D        | Killed a stone giant
  3964 | D        | Reached skill level 27 in Invocations
  3965 | D        | Killed a fire giant
  3967 | D        | Killed a shadow dragon
  3979 | D        | Noticed a walking divine tome
  3981 | D        | Killed a walking divine tome
  4000 | D        | Noticed a stone giant
  4008 | D        | Killed a stone giant
  4014 | D        | Noticed a lich
  4022 | D        | Killed a lich
  4023 | D        | Reached XP level 15. HP: 37/160 MP: 14/32
  4454 | D        | Noticed a vault warden
  4454 | D        | Noticed a vault warden
  4455 | D        | Killed a vault warden
  4456 | D        | Killed a vault warden
  4467 | D        | Paralysed by a great orb of eyes for 2 turns
  4508 | D        | Noticed a vault warden
  4508 | D        | Killed a vault warden
  4508 | D        | Killed a vault warden
  4789 | D        | Noticed Mara
  4794 | D        | Noticed BigDaddyOpFi's illusion
  4801 | D        | Noticed BigDaddyOpFi's illusion
  4808 | D        | Killed Mara
  5315 | D        | Got the +2 chain mail of the Eternal Fruit {rF++}
  5770 | D        | Got a decaying rune of Zot
  5777 | D        | Noticed a nagaraja
  5778 | D        | Noticed a nagaraja
  5779 | D        | Noticed a nagaraja
  5782 | D        | Killed a nagaraja
  5782 | D        | Killed a nagaraja
  5785 | D        | Noticed a nagaraja
  5785 | D        | Killed a nagaraja
  5786 | D        | Noticed a nagaraja
  5787 | D        | Killed a nagaraja
  5789 | D        | Reached XP level 16. HP: 172/177 MP: 18/33
  5789 | D        | Killed a nagaraja
  5891 | D        | Got a serpentine rune of Zot
  5898 | D        | Noticed Ilsuiw
  5900 | D        | Reached skill level 27 in Axes
  5912 | D        | Killed Ilsuiw
  6186 | D        | Got a barnacled rune of Zot
  6777 | D        | Got a gossamer rune of Zot
  6793 | D        | Noticed Margery
  6798 | D        | Killed Margery
  6860 | D        | Noticed Nikola
  6872 | D        | Killed Nikola
  7256 | D        | Reached skill level 27 in Fighting
  7356 | D        | Reached skill level 27 in Armour
  7356 | D        | Reached skill level 27 in Shields
  7356 | D        | Reached skill level 1 in Dodging
  7410 | D        | Reached skill level 5 in Dodging
  7414 | D        | Reached XP level 17. HP: 113/191 MP: 34/34
  7428 | D        | Reached skill level 10 in Dodging
  7797 | D        | Noticed a golden dragon
  7797 | D        | Noticed a tentacled monstrosity
  7799 | D        | Noticed a lich
  7801 | D        | Noticed a golden dragon
  7803 | D        | Killed a golden dragon
  7803 | D        | Killed a lich
  7803 | D        | Killed a golden dragon
  7804 | D        | Reached skill level 15 in Dodging
  7804 | D        | Killed a tentacled monstrosity
  7824 | D        | Got a silver rune of Zot
  8135 | D        | Noticed Nergalle
  8137 | D        | Killed Nergalle
  8219 | D        | Got the ring "Anuagudo" {Ice rElec Int+2}
  8221 | D        | Got the ring "Guosyt" {Fire Dex+2}
  8223 | D        | Got the ring of Jisk {rElec rCorr Dex+6}
  8225 | D        | Got the amulet of the Scarab {Reflect +Blink Regen+ rCorr
                  | SH+5 SInv}
  8227 | D        | Got the ring "Fiddipt" {rPois rN+ rCorr}
  8331 | D        | Noticed Frederick
  8336 | D        | Killed Frederick
  8348 | D        | Noticed Xtahua
  8359 | D        | Killed Xtahua
  8407 | D        | Noticed a tentacled monstrosity
  8410 | D        | Killed a tentacled monstrosity
  8489 | D        | Noticed a bone dragon
  8489 | D        | Noticed a bone dragon
  8495 | D        | Killed a bone dragon
  8498 | D        | Killed a bone dragon
  8733 | D        | Noticed a tentacled monstrosity
  8735 | D        | Reached XP level 18. HP: 200/200 MP: 26/35
  8738 | D        | Killed a tentacled monstrosity
  8873 | D        | Noticed a quicksilver dragon
  8883 | D        | Killed a quicksilver dragon
  8925 | D        | Noticed an electric golem
  8928 | D        | Killed an electric golem
  9290 | D        | Noticed a Killer Klown
  9309 | D        | Killed a Killer Klown
  9310 | D        | Reached skill level 27 in Dodging
  9310 | D        | Reached skill level 5 in Evocations
  9646 | D        | Noticed an Orb Guardian
  9646 | D        | Noticed an Orb Guardian
  9646 | D        | Noticed an Orb Guardian
  9646 | D        | Noticed an Orb Guardian
  9646 | D        | Noticed an Orb Guardian
  9646 | D        | Noticed an Orb Guardian
  9647 | D        | Killed an Orb Guardian
  9647 | D        | Killed an Orb Guardian
  9647 | D        | Killed an Orb Guardian
  9647 | D        | Killed an Orb Guardian
  9647 | D        | Killed an Orb Guardian
  9650 | D        | Noticed an Orb Guardian
  9652 | D        | Killed an Orb Guardian
  9653 | D        | Noticed an Orb Guardian
  9667 | D        | Noticed an Orb Guardian
  9672 | D        | Killed an Orb Guardian
  9674 | D        | Killed an Orb Guardian
  9676 | D        | Killed an Orb Guardian
  9677 | D        | Reached skill level 15 in Evocations
  9681 | D        | Killed an Orb Guardian
  9808 | D        | Noticed a golden dragon
  9808 | D        | Noticed an Orb Guardian
  9808 | D        | Noticed an Orb Guardian
  9808 | D        | Noticed a golden dragon
  9809 | D        | Noticed an Orb Guardian
  9810 | D        | Killed a golden dragon
  9810 | D        | Killed an Orb Guardian
  9811 | D        | Noticed an Orb Guardian
  9814 | D        | Killed a golden dragon
  9818 | D        | Killed an Orb Guardian
  9824 | D        | Killed an Orb Guardian
  9825 | D        | Killed an Orb Guardian
  9850 | D        | Noticed an ancient lich
  9860 | D        | Killed an ancient lich
  9861 | D        | Reached XP level 19. HP: 173/207 MP: 36/36
  9931 | D        | Noticed an orb of fire
  9935 | D        | Gained mutation: Your body sometimes deteriorates upon
                  | taking damage. [an orb of fire]
  9938 | D        | Killed an orb of fire
 10094 | D        | Noticed an electric golem
 10098 | D        | Killed an electric golem
 10118 | D        | Noticed an ancient lich
 10118 | D        | Noticed an ancient lich
 10118 | D        | Noticed a golden dragon
 10118 | D        | Noticed an orb of fire
 10120 | D        | Killed an ancient lich
 10120 | D        | Killed a golden dragon
 10120 | D        | Killed an ancient lich
 10120 | D        | Noticed an orb of fire
 10121 | D        | Gained mutation: You occasionally lose the ability to drink
                  | potions when taking damage. [an orb of fire]
 10125 | D        | Noticed a golden dragon
 10130 | D        | Killed an orb of fire
 10131 | D        | Killed a golden dragon
 10134 | D        | Gained mutation: You are dopey. (Int -2) [an orb of fire]
 10139 | D        | Gained mutation: You have a pair of small antennae on your
                  | head. [an orb of fire]
 10143 | D        | Killed an orb of fire
 10144 | D        | Reached skill level 27 in Evocations
 10201 | D        | Noticed an orb of fire
 10202 | D        | Noticed a Killer Klown
 10205 | D        | Gained mutation: You are frail. (-10% HP) [an orb of fire]
 10208 | D        | Gained mutation: Your flesh is heat resistant. (rF+) [an
                  | orb of fire]
 10209 | D        | Killed an orb of fire
 10216 | D        | Killed a Killer Klown
 10217 | D        | Reached skill level 10 in Stealth
 10388 | D        | Identified a scroll of acquirement
 10389 | D        | Acquired 747 gold pieces
 10442 | D        | Reached skill level 15 in Stealth
 10559 | D        | Noticed an ancient lich
 10564 | D        | Killed an ancient lich
 10566 | D        | Paralysed by a vampire knight for 2 turns
 10585 | D        | Reached XP level 20. HP: 194/194 MP: 26/37
 10947 | D        | Got an elven rune of Zot
 10965 | D        | Noticed the Royal Jelly
 10970 | D        | Killed the Royal Jelly
 10971 | D        | Reached skill level 27 in Stealth
 10971 | D        | Reached skill level 1 in Spellcasting
 10986 | D        | Paralysed by a floating eye for 3 turns
 10993 | D        | Reached skill level 5 in Spellcasting
 10996 | D        | Paralysed by a floating eye for 3 turns
 11002 | D        | Paralysed by a floating eye for 2 turns
 11008 | D        | Paralysed by a floating eye for 2 turns
 11015 | D        | Got a slimy rune of Zot
 11185 | D        | Paralysed by a sphinx for 2 turns
 11465 | D        | Reached skill level 15 in Spellcasting
 11721 | D        | Noticed a royal mummy
 11721 | D        | Noticed a royal mummy
 11721 | D        | Noticed a royal mummy
 11723 | D        | Killed a royal mummy
 11723 | D        | Killed a royal mummy
 11723 | D        | Noticed a royal mummy
 11729 | D        | Killed a royal mummy
 11730 | D        | Killed a royal mummy
 11730 | D        | Noticed a royal mummy
 11746 | D        | Noticed a royal mummy
 11754 | D        | Killed a royal mummy
 11756 | D        | Killed a royal mummy
 11757 | D        | Reached XP level 21. HP: 103/201 MP: 18/44
 11839 | D        | Got a golden rune of Zot
 11880 | D        | Got an abyssal rune of Zot
 12133 | D        | Upgraded the game from 0.30-a0-883-g5ad918d77d to
                  | 0.30-a0-913-g9934a0ce24
 12225 | D        | Noticed Geryon
 12239 | D        | Killed Geryon
 12242 | D        | Found the +7 sceptre of Asmodeus
 12242 | D        | Noticed Asmodeus
 12242 | D        | Noticed Antaeus
 12242 | D        | Found the +6 sword of Cerebov {flame}
 12242 | D        | Noticed Cerebov
 12252 | D        | Got a fiery rune of Zot
 12253 | D        | Noticed Lom Lobon
 12253 | D        | Noticed Ereshkigal
 12254 | D        | Got an obsidian rune of Zot
 12255 | D        | Noticed Gloorx Vloq
 12255 | D        | Noticed Mnoleg
 12256 | D        | Got a magical rune of Zot
 12706 | D        | Got the Orb of Zot
 13246 | D        | Noticed Muazophe the pandemonium lord
 13257 | D        | Killed Muazophe the pandemonium lord
 13345 | D        | Noticed Gyiffu the pandemonium lord
 13362 | D        | Killed Gyiffu the pandemonium lord
 13605 | D        | Noticed a seraph
 13610 | D        | Killed a seraph
 13731 | D        | Noticed Yfoingac the pandemonium lord
 13747 | D        | Killed Yfoingac the pandemonium lord
 14104 | D        | Reached skill level 27 in Spellcasting
 14257 | D        | Reached skill level 5 in Maces & Flails
 14305 | D        | Noticed Geppuq the pandemonium lord
 14323 | D        | Killed Geppuq the pandemonium lord
 14324 | D        | Reached skill level 10 in Maces & Flails
 14458 | D        | Noticed Siemu the pandemonium lord
 14468 | D        | Killed Siemu the pandemonium lord
 14516 | D        | Gained mutation: You occasionally lose the ability to read
                  | scrolls when taking damage. [a cacodemon]
 14943 | D        | Noticed Teucunod the pandemonium lord
 14957 | D        | Killed Teucunod the pandemonium lord
 15042 | D        | Noticed Lorikhlesut the pandemonium lord
 15055 | D        | Killed Lorikhlesut the pandemonium lord
 15056 | D        | Reached XP level 22. HP: 42/209 MP: 44/53
 15185 | D        | Noticed Jonixt the pandemonium lord
 15195 | D        | Killed Jonixt the pandemonium lord
 15220 | D        | Noticed a seraph
 15225 | D        | Killed a seraph
 15226 | D        | Reached skill level 27 in Maces & Flails
 15226 | D        | Reached skill level 5 in Polearms
 17745 | D        | Gained mutation: You sometimes lose the ability to read
                  | scrolls when taking damage. [a cacodemon]
 17765 | D        | Noticed Siutue the pandemonium lord
 17776 | D        | Killed Siutue the pandemonium lord
 18970 | D        | Escaped with the Orb!

Illustrated notes

Levels and vault maps discovered:
D:        linesprint [early_d, line_temple, items_1, d_10, items_2, lair_1,
          lair_end, items_3, orc_1, orc_end, items_4, d_15, swamp_1, shoals_1,
          snake_1, spider_1, d_20, vaults_1, items_5, swamp_end, shoals_end,
          snake_end, spider_end, vaults_end, d_27, items_6, zot_1, zot_end,
          crypt_end, forest_end, elf_end, slime_end, tomb_end, abyss_end,
          pan_hell_end]

Skill      XL: |  1  2  3  4  5  6  7  8  9 10 11 12 13 14 15 16 17 18 19 20 21 22 |
---------------+-------------------------------------------------------------------+-----
Axes           | 3 5 7 8 10 11 12 13 15 17 19 20 23 26 27 | 27.0
Fighting       | 4 5 7 8 9 11 13 14 16 17 19 21 24 27 | 27.0
Armour         | 4 5 6 7 9 10 11 13 14 16 17 20 22 27 | 27.0
Shields        | 4 5 6 7 9 10 11 13 14 16 17 20 22 27 | 27.0
Invocations    | 3 7 11 15 18 21 24 27 | 27.0
Dodging        | 5 23 27 | 27.0
Evocations     | 21 27 | 27.0
Stealth        | 21 27 | 27.0
Spellcasting   | 19 27 | 27.0
Maces & Flails | 22 27 | 27.0
Polearms       | 17 | 17.9

Action                     |  1- 3 |  4- 6 |  7- 9 | 10-12 | 13-15 | 16-18 | 19-21 | 22-24 || total
---------------------------+-------+-------+-------+-------+-------+-------+-------+-------++-------
  Melee: War axe           |    28 |    14 |    44 |   166 |       |       |       |       ||   252
         Broad axe         |       |       |       |    10 |   118 |   260 |   476 |    98 ||   962
 Invoke: Disaster Area     |       |       |       |     6 |    20 |    26 |    39 |     3 ||    94
         Upheaval          |       |       |       |     1 |    16 |     1 |     5 |       ||    23
  Evoke: Wand              |       |     2 |     5 |     3 |       |       |       |       ||    10
    Use: Potion            |     2 |       |     1 |     2 |     4 |     1 |     6 |       ||    16
         Scroll            |       |       |       |    12 |     2 |     3 |     7 |       ||    24
 Armour: Scale mail        |    11 |       |       |       |       |       |       |       ||    11
         Chain mail        |       |     5 |    16 |    26 |    23 |       |       |       ||    70
         Gold dragon scale |       |       |       |       |     6 |    46 |    86 |    18 ||   156
  Dodge: Dodged            |    10 |     6 |    14 |    19 |    18 |    40 |    91 |    14 ||   212
         Repelled          |       |       |       |     1 |     2 |     1 |     6 |       ||    10
  Block: Buckler           |     9 |     1 |    22 |    95 |    57 |    60 |       |       ||   244
         Tower shield      |       |       |       |       |       |   205 |   589 |   111 ||   905
         Reflection        |       |       |       |       |       |     1 |    10 |     1 ||    12

Table legend: (Time is in decaauts) A = Elapsed time spent in this place. B = Non-inter-level travel time spent in this place. C = Inter-level travel time spent in this place. D = Time resting spent in this place. E = Time spent auto-exploring this place. F = Levels seen in this place. G = Mean time per level. A B C D E F G +--------+--------+--------+--------+--------+-----+--------+ Total | 19116 | 19116 | 0 | 12838 | 42 | 1 | 19116.0 | Dungeon | 19116 | 19116 | 0 | 12838 | 42 | 1 | 19116.0 | +--------+--------+--------+--------+--------+-----+--------+

Top non-repeatable levels by time:
       D: 19116 daAuts
